| TOP OF THE 1ST |
|
Decatur Commodores batting - Pitching for Wausau Timbers : LHP Stanley Osterbur
|
|
Pitching: LHP Stanley Osterbur
|
|
|
Batting: LHB Alexis Marte
|
0-0: Foul Ball, location: 2F 0-1: Ball 1-1: Ground out 1-3 (Groundball, 13, EV 65.6 MPH)
|
|
Pitching: RHP Daniel Pierce
|
|
|
Batting: SHB Roger Holt
|
0-0: Foul Ball, location: 2F 0-1: Foul Ball, location: 2F 0-2: Ball 1-2: Ground out 6-3 (Groundball, 6M, EV 104.4 MPH)
|
|
Batting: SHB Rondin Johnson
|
0-0: Swinging Strike 0-1: Foul Ball, location: 2F 0-2: Fly out, F8 (Flyball, 8RXD, EV 94.4 MPH)
|
| Top of the 1st over - 0 runs, 0 hits, 0 errors, 0 left on base; Decatur 0 - Wausau 0 |
| BOTTOM OF THE 1ST |
|
Wausau Timbers batting - Pitching for Decatur Commodores : LHP Rob Murphy
|
|
Pitching: LHP Rob Murphy
|
|
|
Batting: RHB John Nicolo
|
0-0: Fly out, F9 (Flyball, 9S, EV 77.5 MPH)
|
|
Batting: LHB Rodney Nealeigh
|
0-0: Called Strike 0-1: Fly out, F7 (Flyball, 7, EV 91.3 MPH)
|
|
Batting: RHB Alan Griffin
|
0-0: Called Strike 0-1: Fly out, F4 (Popup, 3S, EV 75.6 MPH)
|
| Bottom of the 1st over - 0 runs, 0 hits, 0 errors, 0 left on base; Decatur 0 - Wausau 0 |
| TOP OF THE 2ND |
|
Decatur Commodores batting - Pitching for Wausau Timbers : RHP Daniel Pierce
|
|
Batting: RHB Clifton Wilder
|
0-0: Foul Ball, location: 2F 0-1: Ball 1-1: DOUBLE (Line Drive, 9LM, EV 96.9 MPH)
|
|
Batting: SHB Daniel Wieser
|
0-0: Ball 1-0: SINGLE (Line Drive, 89S, EV 90.0 MPH) Clifton Wilder to third Runner from 3rd tries for Home, SAFE, throw by RF to home Daniel Wieser to second
|
|
Batting: LHB Jerry Miller
|
0-0: Ball 1-0: Ball 2-0: TRIPLE (Flyball, 9D, EV 96.3 MPH) Daniel Wieser scores
|
|
Batting: RHB Rex Farrior
|
0-0: Called Strike 0-1: Swinging Strike 0-2: Ball 1-2: Foul Ball, location: 2F 1-2: Fly out, F9 (Flyball, 9, EV 91.3 MPH) Runner from 3rd tags up, SCORES, throw by RF
|
|
Batting: LHB Samuel Taves
|
0-0: Reached on error, E6 (Groundball, 6M, EV 83.1 MPH)
|
|
Batting: RHB Rafael Sanchez
|
0-0: Swinging Strike 0-1: Foul Ball, location: 2F 0-2: Foul Ball, location: 2F 0-2: Ball 1-2: Ball 2-2: Fielders Choice at 2nd, 1-6 (Groundball, 13S, EV 63.1 MPH)
|
|
Batting: LHB Alexis Marte
|
0-0: Ball 1-0: Called Strike 1-1: SINGLE (Groundball, 34S, EV 60.6 MPH) (infield hit) Rafael Sanchez to second
|
|
Batting: SHB Roger Holt
|
0-0: Called Strike 0-1: Ball 1-1: Ball 2-1: Ball 3-1: Called Strike 3-2: Ground out 4-3 (Groundball, 4M, EV 83.1 MPH)
|
| Top of the 2nd over - 3 runs, 4 hits, 1 error, 2 left on base; Decatur 3 - Wausau 0 |
| BOTTOM OF THE 2ND |
|
Wausau Timbers batting - Pitching for Decatur Commodores : LHP Rob Murphy
|
|
Batting: RHB Rich Renteria
|
0-0: Ball 1-0: Foul Ball, location: 2F 1-1: Swinging Strike 1-2: Ground out 6-3 (Groundball, 6M, EV 88.1 MPH)
|
|
Batting: RHB Douglas Davis
|
0-0: Ground out 4-3 (Groundball, 4, EV 103.1 MPH)
|
|
Batting: SHB James Flores
|
0-0: Ground out 6-3 (Groundball, 56, EV 80.6 MPH)
|
| Bottom of the 2nd over - 0 runs, 0 hits, 0 errors, 0 left on base; Decatur 3 - Wausau 0 |
| TOP OF THE 3RD |
|
Decatur Commodores batting - Pitching for Wausau Timbers : RHP Daniel Pierce
|
|
Batting: SHB Rondin Johnson
|
0-0: Called Strike 0-1: Called Strike 0-2: Strikes out swinging
|
|
Batting: RHB Clifton Wilder
|
0-0: Ground out 4-3 (Groundball, 4, EV 98.8 MPH)
|
|
Batting: SHB Daniel Wieser
|
0-0: Fly out, F8 (Line Drive, 8LM, EV 91.3 MPH)
|
| Top of the 3rd over - 0 runs, 0 hits, 0 errors, 0 left on base; Decatur 3 - Wausau 0 |
| BOTTOM OF THE 3RD |
|
Wausau Timbers batting - Pitching for Decatur Commodores : LHP Rob Murphy
|
|
Batting: RHB Bruce Chaney
|
0-0: Called Strike 0-1: Called Strike 0-2: Strikes out looking
|
|
Batting: RHB Jeffrey Young
|
0-0: Ball 1-0: Fly out, F8 (Flyball, 89M, EV 93.8 MPH)
|
|
Batting: RHB John Pignotti
|
0-0: Swinging Strike 0-1: Ball 1-1: Swinging Strike 1-2: Strikes out looking
|
| Bottom of the 3rd over - 0 runs, 0 hits, 0 errors, 0 left on base; Decatur 3 - Wausau 0 |
| TOP OF THE 4TH |
|
Decatur Commodores batting - Pitching for Wausau Timbers : RHP Daniel Pierce
|
|
Batting: LHB Jerry Miller
|
0-0: Ball 1-0: Swinging Strike 1-1: Fly out, F5 (Line Drive, 5, EV 71.3 MPH)
|
|
Batting: RHB Rex Farrior
|
0-0: Ball 1-0: Called Strike 1-1: Ball 2-1: Foul Ball, location: 2F 2-2: Ball 3-2: Foul Ball, location: 2F 3-2: Ground out 5-3 (Groundball, 56S, EV 71.9 MPH)
|
|
Batting: LHB Samuel Taves
|
0-0: Foul Ball, location: 2F 0-1: Ball 1-1: Foul Ball, location: 2F 1-2: DOUBLE (Line Drive, 89D, EV 108.1 MPH)
|
|
Batting: RHB Rafael Sanchez
|
0-0: Ball 1-0: Reached on error, E4 (Groundball, 4, EV 103.1 MPH) Samuel Taves to third
|
|
Batting: LHB Alexis Marte
|
0-0: Ball 1-0: Called Strike 1-1: Swinging Strike 1-2: Fly out, F8 (Flyball, 8LD, EV 90.6 MPH)
|
| Top of the 4th over - 0 runs, 1 hit, 1 error, 2 left on base; Decatur 3 - Wausau 0 |
| BOTTOM OF THE 4TH |
|
Wausau Timbers batting - Pitching for Decatur Commodores : LHP Rob Murphy
|
|
Batting: RHB John Nicolo
|
0-0: Ball 1-0: Ground out 1-3 (Groundball, 15S, EV 62.5 MPH)
|
|
Batting: LHB Rodney Nealeigh
|
0-0: Called Strike 0-1: Fly out, F7 (Flyball, 78S, EV 70.6 MPH)
|
|
Batting: RHB Alan Griffin
|
0-0: Ball 1-0: Ground out 5-3 (Groundball, 56, EV 88.8 MPH)
|
| Bottom of the 4th over - 0 runs, 0 hits, 0 errors, 0 left on base; Decatur 3 - Wausau 0 |
| TOP OF THE 5TH |
|
Decatur Commodores batting - Pitching for Wausau Timbers : RHP Daniel Pierce
|
|
Batting: SHB Roger Holt
|
0-0: Ball 1-0: Ball 2-0: Foul Ball, location: 2F 2-1: Ball 3-1: Foul Ball, location: 2F 3-2: Base on Balls
|
|
Batting: SHB Rondin Johnson
|
0-0: Fly out, F7 (Flyball, 7LM, EV 90.0 MPH)
|
|
Batting: RHB Clifton Wilder
|
0-0: Ball 1-0: Called Strike 1-1: Called Strike 1-2: Foul Ball, location: 2F 1-2: Fly out, F7 (Flyball, 7, EV 78.1 MPH)
|
|
Batting: SHB Daniel Wieser
|
0-0: Ball 1-0: Swinging Strike 1-1: Foul Ball, location: 2F 1-2: Strikes out swinging
|
| Top of the 5th over - 0 runs, 0 hits, 0 errors, 1 left on base; Decatur 3 - Wausau 0 |
| BOTTOM OF THE 5TH |
|
Wausau Timbers batting - Pitching for Decatur Commodores : LHP Rob Murphy
|
|
Batting: RHB Rich Renteria
|
0-0: Called Strike 0-1: Fly out, F8 (Flyball, 8RD, EV 96.3 MPH)
|
|
Batting: RHB Douglas Davis
|
0-0: Foul Ball, location: 2F 0-1: Called Strike 0-2: Ball 1-2: Strikes out looking
|
|
Batting: SHB James Flores
|
0-0: Swinging Strike 0-1: Swinging Strike 0-2: Strikes out swinging
|
| Bottom of the 5th over - 0 runs, 0 hits, 0 errors, 0 left on base; Decatur 3 - Wausau 0 |
| TOP OF THE 6TH |
|
Decatur Commodores batting - Pitching for Wausau Timbers : RHP Daniel Pierce
|
|
Pitching: RHP Jean Marquis
|
|
|
Batting: LHB Jerry Miller
|
0-0: Called Strike 0-1: Ball 1-1: Ball 2-1: Foul Ball, location: 2F 2-2: Ball 3-2: Ground out 4-3 (Groundball, 4, EV 86.9 MPH)
|
|
Batting: RHB Rex Farrior
|
0-0: Ball 1-0: Ball 2-0: Ball 3-0: Called Strike 3-1: Ground out 6-3 (Groundball, 6, EV 108.1 MPH)
|
|
Batting: LHB Samuel Taves
|
0-0: Foul Ball, location: 2F 0-1: Ball 1-1: Swinging Strike 1-2: Ground out U3 (Groundball, 3S, EV 67.5 MPH)
|
| Top of the 6th over - 0 runs, 0 hits, 0 errors, 0 left on base; Decatur 3 - Wausau 0 |
| BOTTOM OF THE 6TH |
|
Wausau Timbers batting - Pitching for Decatur Commodores : LHP Rob Murphy
|
|
Batting: RHB Bruce Chaney
|
0-0: Ball 1-0: Called Strike 1-1: Ground out 6-3 (Groundball, 56, EV 87.5 MPH)
|
|
Batting: RHB Jeffrey Young
|
0-0: SINGLE (Groundball, 34S, EV 81.3 MPH) (infield hit)
|
|
Batting: RHB John Pignotti
|
0-0: Ball 1-0: Called Strike 1-1: Ball 2-1: Foul Ball, location: 2F 2-2: Foul Ball, location: 2F 2-2: Reached on error, E6 (Groundball, 6, EV 84.4 MPH) Jeffrey Young to second
|
|
Batting: RHB John Nicolo
|
0-0: Called Strike John Pignotti steals 2nd base (no throw) Jeffrey Young steals 3rd base 0-1: Foul Ball, location: 2F 0-2: Fly out, F8 (Flyball, 8RD, EV 96.9 MPH) Runner from 3rd tags up, SCORES, no throw by CF
|
|
Batting: LHB Rodney Nealeigh
|
0-0: Ball 1-0: Ball 2-0: Ball 3-0: Called Strike 3-1: Foul Ball, location: 2F 3-2: Ground out 6-3 (Groundball, 6M, EV 89.4 MPH)
|
| Bottom of the 6th over - 1 run, 1 hit, 1 error, 1 left on base; Decatur 3 - Wausau 1 |
| TOP OF THE 7TH |
|
Decatur Commodores batting - Pitching for Wausau Timbers : RHP Jean Marquis
|
|
Batting: RHB Rafael Sanchez
|
0-0: Called Strike 0-1: Ball 1-1: Reached on error, E5 (Groundball, 56, EV 107.5 MPH)
|
|
Batting: LHB Alexis Marte
|
0-0: Foul Ball, location: 2F 0-1: Swinging Strike 0-2: Fielders Choice at 2nd, 3-6 (Groundball, 3S, EV 88.1 MPH)
|
|
Batting: SHB Roger Holt
|
0-0: Ball 1-0: Ball 2-0: Foul Ball, location: 2F 2-1: SINGLE (Flyball, 7LS, EV 91.3 MPH) Alexis Marte to second
|
|
Batting: SHB Rondin Johnson
|
0-0: Ball 1-0: Swinging Strike 1-1: Fly out, F8 (Line Drive, 8LD, EV 98.8 MPH)
|
|
Batting: RHB Clifton Wilder
|
0-0: Ball 1-0: Called Strike 1-1: Swinging Strike 1-2: Ball 2-2: Foul Ball, location: 2F 2-2: SINGLE (Groundball, 4M, EV 104.4 MPH) (infield hit) Alexis Marte to third Roger Holt to second
|
|
Pitching: RHP Alan Holbrook
|
|
|
Batting: SHB Daniel Wieser
|
0-0: Called Strike 0-1: Ball 1-1: Ball 2-1: Ball 3-1: Base on Balls Alexis Marte scores Roger Holt to third Clifton Wilder to second
|
|
Batting: LHB Jerry Miller
|
0-0: SINGLE (Line Drive, 4D, EV 99.4 MPH) Roger Holt scores Clifton Wilder to third Daniel Wieser to second Runner from 3rd tries for Home, SAFE, throw by RF to home
|
|
Batting: RHB Rex Farrior
|
0-0: Ball 1-0: Swinging Strike 1-1: Ground out 6-3 (Groundball, 6D, EV 101.3 MPH)
|
| Top of the 7th over - 3 runs, 3 hits, 1 error, 2 left on base; Decatur 6 - Wausau 1 |
| BOTTOM OF THE 7TH |
|
Wausau Timbers batting - Pitching for Decatur Commodores : LHP Rob Murphy
|
|
Batting: RHB Alan Griffin
|
0-0: Foul Ball, location: 2F 0-1: Foul Ball, location: 2F 0-2: Ground out 4-3 (Groundball, 4M, EV 106.3 MPH)
|
|
Batting: RHB Rich Renteria
|
0-0: Ground out 6-3 (Groundball, 6, EV 88.1 MPH)
|
|
Batting: RHB Douglas Davis
|
0-0: Called Strike 0-1: Foul Ball, location: 2F 0-2: Ball 1-2: Foul Ball, location: 2F 1-2: Foul Ball, location: 2F 1-2: Foul Ball, location: 2F 1-2: Strikes out swinging
|
| Bottom of the 7th over - 0 runs, 0 hits, 0 errors, 0 left on base; Decatur 6 - Wausau 1 |
| TOP OF THE 8TH |
|
Decatur Commodores batting - Pitching for Wausau Timbers : RHP Alan Holbrook
|
|
Batting: LHB Samuel Taves
|
0-0: Ball 1-0: Ball 2-0: Ball 3-0: Base on Balls
|
|
Batting: RHB Rafael Sanchez
|
0-0: Ball 1-0: Called Strike 1-1: Foul Ball, location: 2F 1-2: Ball 2-2: Foul Ball, location: 2F 2-2: SINGLE (Flyball, 34D, EV 100.0 MPH) Samuel Taves to second
|
|
Batting: LHB Alexis Marte
|
0-0: Sac Bunt to P - play at first, batter OUT! 1-3 Samuel Taves to third Rafael Sanchez to second
|
|
Batting: SHB Roger Holt
|
0-0: Intentional Walk
|
|
Batting: SHB Rondin Johnson
|
0-0: Ball 1-0: Fielders Choice at 2nd, 3-6 (Groundball, 34S, EV 88.8 MPH) Samuel Taves scores Rafael Sanchez to third
|
|
Batting: RHB Clifton Wilder
|
0-0: Ball 1-0: Swinging Strike 1-1: Fly out, F6 (Flyball, 56D, EV 83.1 MPH)
|
| Top of the 8th over - 1 run, 1 hit, 0 errors, 2 left on base; Decatur 7 - Wausau 1 |
| BOTTOM OF THE 8TH |
|
Wausau Timbers batting - Pitching for Decatur Commodores : LHP Rob Murphy
|
|
Batting: SHB James Flores
|
0-0: Ball 1-0: Foul Ball, location: 2F 1-1: Foul Ball, location: 2F 1-2: Ball 2-2: DOUBLE (Flyball, 89D, EV 91.9 MPH)
|
|
Batting: RHB Bruce Chaney
|
0-0: Ball 1-0: SINGLE (Line Drive, 8RS, EV 103.1 MPH) James Flores to third
|
|
Batting: RHB Jeffrey Young
|
0-0: Swinging Strike 0-1: Foul Ball, location: 2F 0-2: Ball 1-2: Fielders Choice at 2nd, 3-6 (Groundball, 34S, EV 90.0 MPH) James Flores scores
|
|
Batting: RHB John Pignotti
|
0-0: Fly out, F4 (Popup, 4, EV 58.1 MPH)
|
|
Batting: RHB John Nicolo
|
0-0: Foul Ball, location: 2F 0-1: Ball 1-1: Fly out, F7 (Flyball, 78M, EV 86.9 MPH)
|
| Bottom of the 8th over - 1 run, 2 hits, 0 errors, 1 left on base; Decatur 7 - Wausau 2 |
| TOP OF THE 9TH |
|
Decatur Commodores batting - Pitching for Wausau Timbers : RHP Alan Holbrook
|
|
Batting: SHB Daniel Wieser
|
0-0: Ball 1-0: Foul Ball, location: 2F 1-1: Foul Ball, location: 2F 1-2: Ball 2-2: Ball 3-2: Ground out 4-3 (Groundball, 4, EV 79.4 MPH)
|
|
Batting: LHB Jerry Miller
|
0-0: Ball 1-0: Foul Ball, location: 2F 1-1: Fly out, F3 (Popup, 23F, EV 88.8 MPH)
|
|
Batting: RHB Rex Farrior
|
0-0: Ball 1-0: Ground out 2-3 (Groundball, 15S, EV 62.5 MPH)
|
| Top of the 9th over - 0 runs, 0 hits, 0 errors, 0 left on base; Decatur 7 - Wausau 2 |
| BOTTOM OF THE 9TH |
|
Wausau Timbers batting - Pitching for Decatur Commodores : LHP Rob Murphy
|
|
Batting: LHB Rodney Nealeigh
|
0-0: SINGLE (Groundball, P, EV 82.5 MPH) (infield hit)
|
|
Batting: RHB Alan Griffin
|
0-0: SINGLE (Groundball, 56D, EV 106.3 MPH) Rodney Nealeigh to second
|
|
Batting: RHB Rich Renteria
|
0-0: Fly out, F9 (Flyball, 9LS, EV 89.4 MPH)
|
|
Batting: RHB Douglas Davis
|
0-0: Foul Ball, location: 2F 0-1: Ball 1-1: Swinging Strike 1-2: Ball 2-2: Fielders Choice at 2nd, 3-6 (Groundball, 3, EV 86.3 MPH) Rodney Nealeigh to third
|
|
Batting: SHB James Flores
|
0-0: Ball 1-0: Ground out 4-3 (Groundball, 34D, EV 110.6 MPH)
|
| Bottom of the 9th over - 0 runs, 2 hits, 0 errors, 2 left on base; Decatur 7 - Wausau 2 |
|